 Dungeon Crawl Stone Soup version 0.28.0 (webtiles) character file.

Game seed: 8418019618703210905

6244 pkoi the Grappler (level 10, -11/83 HPs)
             Began as a Grey Draconian Monk on Feb 15, 2022.
             Was an Elder of Dithmenos.
             Mangled by a large slime creature (21 damage)
             ... on level 9 of the Dungeon.
             The game lasted 00:12:16 (12685 turns).

pkoi the Grappler (Grey Draconian Monk)            Turns: 12685, Time: 00:12:16

Health: -11/83     AC: 16    Str: 14    XL:     10   Next: 62%
Magic:  10/10      EV: 14    Int: 15    God:    Dithmenos [****..]
Gold:   323        SH:  0    Dex: 13    Spells: 9/9 levels left

rFire   + . .      SeeInvis .     - Unarmed
rCold   . . .      Faith    .   (no shield)
rNeg    . . .      Spirit   .   (armour unavailable)
rPois   +          Reflect  .   (helmet restricted)
rElec   .          Harm     .   e - +0 cloak {Stlth+}
rCorr   .          Rampage  .   (no gloves)
Will    .....                   i - +2 pair of boots
Stlth   +++++.....              (no amulet)
HPRegen 0.23/turn               h - ring of protection from fire
MPRegen 0.12/turn               l - ring of poison resistance

@: wreathed by umbra
A: AC +12, amphibious, unfitting armour, cold-blooded
a: Renounce Religion, Shadow Step


You were on level 9 of the Dungeon.
You worshipped Dithmenos.
Dithmenos was greatly pleased with you.
You visited 2 branches of the dungeon, and saw 10 of its levels.

You collected 495 gold pieces.
You spent 172 gold pieces at shops.

Inventory:

Hand Weapons
 t - a +1 dagger of venom
 w - a +1 dagger of flaming
Missiles
 b - a throwing net (quivered)
 n - 6 silver boomerangs
Armour
 e - a +0 cloak of stealth (worn)
 i - a +2 pair of boots (worn)
Jewellery
 h - a ring of protection from fire (left hand)
 l - a ring of poison resistance (right hand)
 x - a ring of positive energy
Wands
 j - a wand of flame (13)
 o - a wand of iceblast (8)
Scrolls
 a - 2 scrolls of identify
 c - 2 scrolls of teleportation
 d - a scroll of fear
 s - 2 scrolls of enchant weapon
 u - a scroll of fog
Potions
 f - 2 potions of curing
 g - 3 potions of heal wounds
 k - a potion of attraction {unknown}
 p - a potion of resistance
 q - 2 potions of haste


   Skills:
 - Level 6.0 Fighting
 + Level 5.9 Dodging
 + Level 3.5 Stealth
 * Level 12.3 Unarmed Combat
 + Level 7.3 Evocations


You had 9 spell levels left.
You didn't know any spells.
Your spell library contained the following spells:

 Spells                   Type           Power      Damage    Failure   Level
 Beastly Appendage        Tmut           0%         N/A       26%         1
 Freeze                   Ice            0%         1d3       26%         1
 Wereblood                Tmut           0%         N/A       38%         2
 Frozen Ramparts          Ice            0%         1d2       63%         3
 Spider Form              Tmut/Pois      0%         N/A       63%         3
 Tukima's Dance           Hex            0%         N/A       63%         3
 Anguish                  Hex/Necr       0%         N/A       95%         4
 Hailstorm                Conj/Ice       0%         3d3       95%         4
 Enfeeble                 Hex            0%         N/A       100%        7


Dungeon Overview and Level Annotations

Branches:
Dungeon (9/15)             Temple (1/1) D:6
   Lair: D:8-11         Orc: D:9-12

Altars:
Ashenzari
Dithmenos
Elyvilon
Fedhas
Gozag
Hepliaklqana
Kikubaaqudgha
Makhleb
Nemelex Xobeh
Okawaru
Qazlal
Ru
Sif Muna
Trog
Uskayaw
Vehumet
Wu Jian
Xom
Yredelemnul
Zin
The Shining One

Shops:
D:3 [   D:6 [

Annotations:
D:7 2 transporters, ReploidZero's ghost, novice FoHu


Innate Abilities, Weirdness & Mutations

Your dull iron-grey scales are very hard. (AC +12)
You are amphibious.
You cannot fit into any form of body armour.
You are cold-blooded and may be slowed by cold attacks.


Message History

You punch the large slime creature!
The large slime creature is severely wounded.
The slime creature hits you but does no damage.
The large slime creature hits you!
* * * LOW HITPOINT WARNING * * *
Unknown command.
You punch the large slime creature!
The large slime creature is severely wounded.
The large slime creature barely misses you.
The slime creature misses you.
Unknown command.
You hit the large slime creature. You tail-slap the large slime creature.
You punch the large slime creature.
The large slime creature is severely wounded.
The large slime creature completely misses you.
The slime creature hits you.
* * * LOW HITPOINT WARNING * * *
Unknown command.
You hit the large slime creature but do no damage.
The large slime creature is severely wounded.
Unknown command.
You punch the large slime creature!
The large slime creature is almost dead.
The slime creature hits you but does no damage.
The large slime creature closely misses you.
Unknown command.
You hit the large slime creature but do no damage.
You punch the large slime creature.
The large slime creature is almost dead.
The slime creature hits you!
* * * LOW HITPOINT WARNING * * *
The large slime creature misses you.
Unknown command.
You hit the large slime creature. You punch the large slime creature.
The large slime creature is almost dead.
Your shadow hits the large slime creature.
The slime creature hits you!
* * * LOW HITPOINT WARNING * * *
The large slime creature hits you!!
You die...

#......
#..≈≈≈≈ #
#.≈...
#(###
#.≈.gg
...##
#.≈.gg
#JJ#
##o≈≈≈≈
###@##
.......
#)...#
o......
#....####.
.......
#.<..'....
.......
#....#####
.......
#....#
###'###
##'### #..
#.# #.#
#.# #.#


You could see a large slime creature and a slime creature.

Vanquished Creatures
  A hydra (D:9)
  A two-headed ogre (D:8)
  An ugly thing (D:8)
  A gargoyle (D:8)
  Sigmund (D:6)
  Menkaure (D:4)
  A water moccasin (D:7)
  3 orc warriors
  2 sky beasts
  2 ice beasts
  4 ogres
  A necrophage (D:6)
  4 centaurs
  A kobold brigand (D:9)
  9 bullfrogs
  3 scorpions
  A wyvern skeleton (D:5)
  2 water moccasin skeletons
  9 killer bees
  5 wights
  4 jellies
  A howler monkey (D:9)
  A centaur zombie (D:8)
  A bullfrog zombie (D:7)
  A gnoll shaman (D:6)
  2 orc priests (D:9)
  4 iguanas
  Terence (D:1)
  10 orc wizards
  A killer bee zombie (D:8)
  A howler monkey skeleton (D:6)
  3 gnolls (D:6)
  7 adders
  2 river rats (D:3)
  A shadow imp (D:7)
  2 white imps
  2 ufetubi
  An adder skeleton (D:5)
  2 worms
  4 dart slugs
  32 orcs
  7 bats
  7 endoplasms
  3 giant cockroaches
  5 goblins
  6 hobgoblins
  3 jackals
  5 quokkas
  9 ball pythons
  3 frilled lizards
  13 kobolds
  6 rats
203 creatures vanquished.

Vanquished Creatures (others)
  An orc wizard (D:7)
  A plant (D:6)
2 creatures vanquished.

Grand Total: 205 creatures vanquished

Notes
Turn   | Place    | Note
-------+----------+-------------------------------------------
     0 | D:1      | pkoi the Draconian Monk began the quest for the Orb.
     0 | D:1      | Reached XP level 1. HP: 19/19 MP: 1/1
   330 | D:1      | Reached XP level 2. HP: 26/26 MP: 2/2
   686 | D:1      | Reached skill level 4 in Unarmed Combat
  1047 | D:2      | Noticed Terence
  1077 | D:1      | Killed Terence
  1078 | D:1      | Reached XP level 3. HP: 6/31 MP: 3/3
  1351 | D:2      | Found a white marble altar of Elyvilon.
  1948 | D:2      | Reached XP level 4. HP: 38/38 MP: 4/4
  1963 | D:2      | Reached skill level 5 in Unarmed Combat
  2105 | D:3      | Noticed an ogre
  2123 | D:3      | Killed an ogre
  2124 | D:3      | Reached XP level 5. HP: 25/46 MP: 5/5
  2471 | D:3      | Found Gewkon's Armour Boutique.
  2525 | D:3      | Noticed an ogre
  2541 | D:3      | Killed an ogre
  2542 | D:3      | Reached skill level 6 in Unarmed Combat
  2542 | D:3      | Reached XP level 6. HP: 52/52 MP: 6/6
  2786 | D:3      | Found a glowing drain.
  3355 | D:3      | Found a faded altar of an unknown god.
  4008 | D:4      | Found a shadowy altar of Dithmenos.
  4390 | D:4      | Your scales start taking on a dull iron-grey colour.
  4390 | D:4      | Reached XP level 7. HP: 34/60 MP: 7/7
  4733 | D:4      | Noticed Menkaure
  4749 | D:4      | Killed Menkaure
  4750 | D:4      | Reached skill level 7 in Unarmed Combat
  4750 | D:4      | Reached skill level 1 in Evocations
  5041 | D:4      | Reached skill level 5 in Fighting
  5351 | D:5      | Entered Level 5 of the Dungeon
  5493 | D:5      | Found a hazy altar of Hepliaklqana.
  5647 | D:4      | Became a worshipper of Dithmenos the Shadowed
  5647 | D:4      | Reached * piety under Dithmenos
  5647 | D:4      | Reached ** piety under Dithmenos
  5964 | D:5      | Found a glowing silver altar of Zin.
  5981 | D:5      | Reached XP level 8. HP: 66/68 MP: 8/8
  6340 | D:5      | Found an opulent altar of Gozag.
  7133 | D:6      | Reached skill level 8 in Unarmed Combat
  7467 | D:6      | Found a blossoming altar of Fedhas.
  7517 | D:6      | Found Anamiggu's Antique Armour Boutique.
  7529 | D:6      | Bought an embroidered cloak for 172 gold pieces
  7915 | D:6      | Found a stormy altar of Qazlal.
  7941 | D:6      | Found a staircase to the Ecumenical Temple.
  7950 | Temple   | Entered the Ecumenical Temple
  8173 | D:6      | Noticed Sigmund
  8174 | D:6      | Reached skill level 5 in Dodging
  8210 | D:6      | Killed Sigmund
  8211 | D:6      | Reached skill level 9 in Unarmed Combat
  8211 | D:6      | Reached XP level 9. HP: 47/75 MP: 9/9
  8804 | D:7      | Noticed ReploidZero's ghost (novice FoHu)
  8806 | D:7      | Found a bloodstained altar of Trog.
  8806 | D:7      | Noticed a two-headed ogre
  8808 | D:7      | Noticed a moth of wrath
  8824 | D:7      | Found a transporter.
  8828 | D:7      | Found a transporter.
  9067 | D:7      | Reached *** piety under Dithmenos
  9068 | D:7      | Reached skill level 5 in Evocations
  9075 | D:7      | Reached skill level 10 in Unarmed Combat
 10504 | D:8      | Noticed a two-headed ogre
 10524 | D:8      | Killed a two-headed ogre
 10525 | D:8      | Reached skill level 11 in Unarmed Combat
 10528 | D:8      | Reached XP level 10. HP: 11/83 MP: 10/10
 11046 | D:8      | Noticed a cyan ugly thing
 11056 | D:8      | Killed a cyan ugly thing
 11282 | D:8      | Noticed a gargoyle
 11290 | D:8      | Killed a gargoyle
 11446 | D:9      | Found a sparkling altar of Nemelex Xobeh.
 11976 | D:9      | Found a sacrificial altar of Ru.
 11985 | D:9      | Reached skill level 12 in Unarmed Combat
 12075 | D:9      | Reached **** piety under Dithmenos
 12256 | D:9      | Noticed an eight-headed hydra
 12264 | D:9      | Killed an eight-headed hydra
 12685 | D:9      | Mangled by a large slime creature

Illustrated notes

Levels and vault maps discovered:
D:1:      dpeg_arrival_rooms_a, layout_loops_ring, minmay_pentomino_u4
D:2:      minmay_chambers_of_ones, layout_loops_cross, basic_altar, uniq_terence
D:3:      layout_loops_ring, serial_shops, nicolae_diamond_shop,
          gup_sewer_entry_bubbles, shapermc_ecumenical_altar_notcrosses
D:4:      layout_gridville, nicolae_dithmenos_the_darkroom, minmay_box_of_dots,
          uniq_menkaure
D:5:      layout_gridville, lemuel_doored_altar,
          nicolae_gozag_cash_rules_everything_around_me, general_overflow_altar
D:6:      layout_cave_pools, fedhas_altar_1, marbit_many_paths,
          minmay_temple_entry_statues_fountains, serial_shops,
          nicolae_shop_overgrown_old_shop, uniq_sigmund
D:7:      layout_basic, gammafunk_ghost_wrathful_warriors, minmay_hedge_maze
D:8:      layout_cave_pools, grunt_ministairs_14,
          hangedman_abyss_or_decor_jellyfish_corner,
          minmay_fractal_squares_gapless_5
D:9:      layout_roguey, nicolae_ru_great_annihilating_truth,
          nemelex_xobeh_ov_fountains_minmay, lair_entry_dummy, enter_bailey_5
Temple:   nicolae_temple_figure_eight

Skill      XL: |  1  2  3  4  5  6  7  8  9 10 |
---------------+-------------------------------+-----
Unarmed Combat | 4 5 6 7 9 11 12 | 12.3
Dodging        | 3 4 5 |  5.9
Fighting       | 4 5 6 |  6.0
Evocations     | 2 4 6 7 |  7.3
Stealth        | 2 3 |  3.5

Action                   |  1- 3 |  4- 6 |  7- 9 | 10-12 || total
-------------------------+-------+-------+-------+-------++-------
Melee: Unarmed           |   112 |   178 |   423 |   156 ||   869
       Tailslap          |    11 |    19 |    66 |    23 ||   119
       Punch             |     2 |     4 |    25 |    12 ||    43
Throw: Throwing net      |     1 |     2 |       |       ||     3
Evoke: Wand              |       |       |     5 |    10 ||    15
  Use: Scroll            |     1 |       |    13 |     1 ||    15
       Potion            |       |       |     3 |       ||     3
 Stab: Sleeping          |     6 |     7 |    10 |     7 ||    30
       Distracted        |     1 |       |       |       ||     1
       Held in net/web   |       |     3 |       |       ||     3
       Invisible         |       |       |       |     1 ||     1
Armor: Skin              |    29 |    55 |   167 |    66 ||   317
Dodge: Dodged            |    62 |    94 |   295 |   121 ||   572
